 Dungeon Crawl Stone Soup version 0.30-a0-222-ge547ba4400 (webtiles) character file.

Game seed: 12595694175384392490

17723 Conn the Thaumaturge (level 12, -7/68 HPs)
             Began as an Octopode Fire Elementalist on Oct 9, 2022.
             Was a Priest of Sif Muna.
             Killed by the air
             ... invoked by a wind drake
              (20 damage)
             ... on level 2 of the Lair of Beasts.
             The game lasted 00:41:55 (12627 turns).

Conn the Thaumaturge (Octopode Fire Elementalist)  Turns: 12627, Time: 00:41:55

Health: -7/68      AC:  1    Str:  7    XL:     12   Next: 51%
Magic:  17/26      EV: 13    Int: 23    God:    Sif Muna [***...]
Gold:   778        SH:  5    Dex: 12    Spells: 3/32 levels left

rFire   + . .      SeeInvis .    h - staff of poison
rCold   x . .      Faith    .    d - +0 buckler
rNeg    . . .      Spirit   .    (helmet restricted)
rPois   +          Reflect  .    p - amulet of magic regeneration
rElec   .          Harm     .    e - ring of fire
rCorr   .          Rampage  .    C - ring of wizardry
Will    .....                    (no ring)
Stlth   ++++......               (no ring)
HPRegen 0.31/turn                (no ring)
MPRegen 0.60/turn                (no ring)
                                 (no ring)
                                 (no ring)

@: no status effects
A: almost no armour, amphibious, 8 rings, camouflage 1, gelatinous body 1,
(nimble swimmer 1), tentacles
a: Renounce Religion, Channel Magic, Forget Spell


You were on level 2 of the Lair of Beasts.
You worshipped Sif Muna.
Sif Muna was most pleased with you.
You visited 4 branches of the dungeon, and saw 14 of its levels.

You collected 811 gold pieces.
You spent 33 gold pieces at shops.

Inventory:

Hand Weapons
 m - a +4 rapier of freezing
Missiles
 k - 5 atropa-tipped darts
 w - a throwing net
 A - 2 curare-tipped darts (quivered)
Armour
 d - a +0 buckler (worn)
 H - a +0 kite shield
Magical Staves
 h - a staff of poison (weapon)
Jewellery
 e - a ring of fire (left tentacle)
 p - an amulet of magic regeneration (around mantle)
 x - a ring of ice
 C - a ring of wizardry (right tentacle)
 I - an amulet of faith
Wands
 o - a wand of iceblast (19)
 r - a wand of flame (31)
 M - a wand of charming (8)
Scrolls
 b - 2 scrolls of fear
 f - 2 scrolls of amnesia
 g - 3 scrolls of immolation
 j - 4 scrolls of teleportation
 n - 2 scrolls of enchant armour
 t - a scroll of noise
 v - a scroll of summoning
 y - 8 scrolls of magic mapping
 E - 3 scrolls of torment {unknown}
 G - a scroll of silence {unknown}
 K - 2 scrolls of poison
Potions
 a - 2 potions of magic
 c - 10 potions of curing
 i - a potion of attraction {unknown}
 l - 3 potions of might
 q - 6 potions of brilliance
 s - a potion of heal wounds
 u - a potion of mutation
 z - 2 potions of resistance {unknown}
 B - a potion of berserk rage {unknown}
 D - a potion of degeneration {unknown}
 F - 4 potions of haste
 J - a potion of invisibility
 L - a potion of cancellation {unknown}
 N - a potion of flight {unknown}


   Skills:
 + Level 1.0 Fighting
 + Level 1.1 Staves
 + Level 1.0 Throwing
 + Level 2.6 Dodging
 + Level 5.7 Stealth
 + Level 5.4 Shields
 + Level 10.9 Spellcasting
 + Level 8.5 Conjurations
 + Level 2.0 Hexes
 * Level 4.4 Necromancy
 * Level 1.3 Translocations
 + Level 8.8 Fire Magic
 + Level 4.0 Air Magic
 + Level 5.2 Poison Magic
 * Level 4.3 Invocations


You had 3 spell levels left.
You knew the following spells:

 Your Spells              Type           Power      Damage    Failure   Level
a - Foxfire               Conj/Fire      100%       2x1d9     1%          1
b - Kindle Blastsparks    Fire/Tloc/Air  100%       2d18      1%          3
c - Inner Flame           Hex/Fire       54%        N/A       1%          3
d - Flame Wave            Conj/Fire      68%        2d15      1%          4
e - Scorch                Fire           100%       2d10      1%          2
f - Airstrike             Air            15%        2d(3-19)  4%          4
g - Swiftness             Air            31%        N/A       1%          3
h - Mephitic Cloud        Conj/Pois/Air  56%        N/A       1%          3
i - Dispel Undead         Necr           33%        3d14      4%          4
j - Blink                 Tloc           36%        N/A       2%          2

Your spell library contained the following spells:

 Spells                   Type           Power      Damage    Failure   Level
 Kiss of Death            Conj/Necr      100%       2d13      1%          1
 Shock                    Conj/Air       100%       1d9       1%          1
 Cigotuvi's Dreadful Rot  Necr/Pois/Air  100%       N/A       1%          2
 Momentum Strike          Conj/Tloc      70%        3d9       1%          2
 Poisonous Vapours        Pois/Air       100%       N/A       1%          2
 Confusing Touch          Hex            22%        N/A       3%          3
 Lesser Beckoning         Tloc           36%        N/A       4%          3
 Sticky Flame             Conj/Fire      68%        2d8       1%          4


Dungeon Overview and Level Annotations

Branches:
Dungeon (10/15)            Temple (1/1) D:4            Lair (2/5) D:10
    Orc (1/2) D:9
  Swamp: Lair:2-3    Shoals: Lair:2-3     Snake: Lair:2-3    Spider: Lair:2-3

Altars:
Ashenzari
Cheibriados
Dithmenos
Elyvilon
Fedhas
Gozag
Hepliaklqana
Kikubaaqudgha
Makhleb
Nemelex Xobeh
Okawaru
Qazlal
Ru
Sif Muna
Trog
Uskayaw
Vehumet
Wu Jian
Xom
Yredelemnul
Zin
The Shining One

Shops:
D:2 *

Annotations:
D:5 2 transporters, anet's ghost, weakling GnDe
D:8 Amaemon


Innate Abilities, Weirdness & Mutations

You cannot wear most types of armour.
You are amphibious.
You can wear up to eight rings at the same time.
Your skin changes colour to match your surroundings (Stealth+).
Your rubbery body absorbs attacks. (AC +1, EV +1)
((You are camouflaged when in or above water. (Stealth+)))
You have tentacles for arms and can constrict up to eight enemies at once.


Message History

Casting: Mephitic Cloud (safe; 1% risk of failure)
Confirm with . or Enter, or press ? or * to list all spells.
Casting: Flame Wave (dangerous; 1% risk of failure)
Press: ? - help, Dir - look around, f - activate You feel a surge of power!
A wave of flame ripples out!
The flame wave engulfs the catoblepas!!
The catoblepas is burned terribly!
The catoblepas is heavily wounded. (Press . to intensify the flame waves.)
The catoblepas is engulfed in noxious fumes.
The catoblepas appears confused.
The catoblepas gores itself!!
A wave of flame ripples out!
The flame wave engulfs the catoblepas!!
The catoblepas is burned terribly!
The catoblepas is almost dead.
The catoblepas is no longer more vulnerable to fire.
The catoblepas is engulfed in noxious fumes.
The catoblepas gores itself!!
The catoblepas is killed!
Sif Muna accepts your kill.
A wind drake comes into view.
Casting: Flame Wave (dangerous; 1% risk of failure)
Confirm with . or Enter, or press ? or * to list all spells.
You feel a surge of power!
You conjure some foxfire!
The wind drake hisses angrily.
Unknown command.
Casting: Foxfire (safe; 1% risk of failure)
Confirm with . or Enter, or press ? or * to list all spells.
You feel a surge of power!
You conjure some foxfire!
The foxfire hits the wind drake.
The wind drake is lightly wounded.
The foxfire hits the wind drake.
The wind drake is lightly wounded.
The wind drake flaps its wings at you. The air twists around and strikes you!!
* * * LOW HITPOINT WARNING * * *
Casting: Foxfire (safe; 1% risk of failure)
Confirm with . or Enter, or press ? or * to list all spells.
You feel a surge of power!
You conjure some foxfire!
The wind drake flaps its wings at you. The air twists around and strikes you!!
You die...

.###..#..#.............##.......#
.#.#....#..............#........#
...##...................#.#P....#
...#...................##.#.P...P
..#..#..........................#
....#...##.......................
.#..#.P.###.....................#
.#.##.....#....§§...............#
...#..#.###....§@§......
..##..###......v§v§....P
..#.............†§°v...#
..#.#.............°§...+
..##...............v.k.#
..................?....#
........................
......................>.
.......................P


You could see a wind drake (repels missiles, ally target).

Vanquished Creatures
  Josephine (D:10)
  Erolcha (D:9)
  A hydra (Lair:2)
  A catoblepas (Lair:2)
  2 two-headed ogres
  Erica (D:8)
  Pikel (D:4)
  An orc sorcerer (Orc:1)
  A cyclops (D:9)
  An unseen horror (shapeshifter) (D:10)
  Maggie (Lair:1)
  4 komodo dragons
  2 cane toads
  A rime drake (Lair:1)
  Psyche (D:8)
  A troll (D:10)
  Grinder (D:3)
  A hornet (D:10)
  5 wraiths
  A wyvern (D:9)
  Sigmund (D:3)
  12 yaks (Lair:1)
  A basilisk (Lair:1)
  Eustachio (D:4)
  A steam dragon (D:6)
  5 water moccasins
  8 orc warriors
  A sky beast (D:7)
  A black bear (Lair:1)
  2 ogres
  5 wolves
  A phantom (D:6)
  6 centaurs
  A lemure (D:4)
  5 kobold brigands
  3 bullfrogs
  A gnoll sergeant (D:5)
  A scorpion (D:4)
  3 wights (D:9)
  14 killer bees
  3 electric eels (D:10)
  2 howler monkeys
  2 jellies
  8 hounds
  12 orc priests
  Crazy Yiuf (D:4)
  Ijyb (D:4)
  6 orc wizards
  13 iguanas
  Natasha (twice) (D:4)
  Robin (D:3)
  6 gnolls
  5 adders
  A shadow imp (D:6)
  2 white imps (D:5)
  An ufetubus (D:6)
  A dart slug (D:3)
  35 orcs
  A bat (D:1)
  6 endoplasms
  5 giant cockroaches
  11 goblins
  11 hobgoblins
  28 kobolds
  6 quokkas
  6 ball pythons
  2 frilled lizards
  8 rats
  2 butterflies (Lair:2)
290 creatures vanquished.

Vanquished Creatures (collateral kills)
  2 killer bees (D:9)
  A foxfire (Lair:1)
3 creatures vanquished.

Vanquished Creatures (others)
  An orc (Orc:1)
  950 foxfires
  3 fungi (Lair:1)
  8 plants
962 creatures vanquished.

Grand Total: 1255 creatures vanquished

Notes
Turn   | Place    | Note
-------+----------+-------------------------------------------
     0 | D:1      | Conn the Octopode Fire Elementalist began the quest for the
                  | Orb.
     0 | D:1      | Reached XP level 1. HP: 11/11 MP: 3/3
   419 | D:1      | Reached XP level 2. HP: 17/17 MP: 0/5
   658 | D:1      | Found a faded altar of an unknown god.
  1214 | D:2      | Found Ranogeaps's General Store.
  1228 | D:2      | Bought a potion of curing for 33 gold pieces
  1234 | D:2      | Reached XP level 3. HP: 21/21 MP: 0/6
  1919 | D:3      | Reached XP level 4. HP: 27/27 MP: 2/8
  2127 | D:3      | Noticed Robin
  2131 | D:3      | Noticed Grinder
  2133 | D:3      | Killed Robin
  2203 | D:2      | Learned a level 2 spell: Scorch
  2207 | D:2      | Learned a level 3 spell: Inner Flame
  2273 | D:3      | Paralysed by Grinder for 2 turns
  2287 | D:3      | Killed Grinder
  2288 | D:3      | Reached skill level 4 in Spellcasting
  2288 | D:3      | Reached XP level 5. HP: 28/31 MP: 0/11
  2288 | D:3      | Reached XP level 6. HP: 33/36 MP: 0/12
  2455 | D:3      | Noticed Sigmund
  2523 | D:3      | Killed Sigmund
  2524 | D:3      | Reached XP level 7. HP: 41/41 MP: 5/13
  3434 | D:4      | Found a shadowy altar of Dithmenos.
  3453 | D:4      | Noticed Pikel
  3464 | D:4      | Killed Pikel
  3465 | D:4      | Reached skill level 1 in Throwing
  3465 | D:4      | Reached skill level 5 in Spellcasting
  3465 | D:4      | Reached XP level 8. HP: 45/46 MP: 5/16
  3508 | D:4      | Reached skill level 5 in Conjurations
  3522 | D:4      | Noticed Ijyb
  3526 | D:4      | Killed Ijyb
  3526 | D:4      | Noticed Eustachio
  3533 | D:4      | Killed Eustachio
  3534 | D:4      | Reached skill level 6 in Spellcasting
  3656 | D:4      | Found a staircase to the Ecumenical Temple.
  3683 | D:4      | Reached skill level 5 in Fire Magic
  3683 | D:4      | Noticed Natasha
  3685 | D:4      | Killed Natasha
  3724 | Temple   | Entered the Ecumenical Temple
  3979 | D:4      | Noticed Natasha
  3984 | D:4      | Killed Natasha
  3985 | D:4      | Reached skill level 1 in Hexes
  4157 | D:4      | Found a runed translucent door.
  4158 | D:4      | Noticed Crazy Yiuf
  4164 | D:4      | Killed Crazy Yiuf
  4222 | D:5      | Entered Level 5 of the Dungeon
  4229 | D:5      | Noticed anet's ghost (weakling GnDe)
  4230 | D:5      | Found a transporter.
  4489 | D:5      | Found a transporter.
  4606 | D:5      | Reached skill level 7 in Spellcasting
  4606 | D:5      | Reached XP level 9. HP: 28/51 MP: 14/19
  4868 | D:5      | Learned a level 4 spell: Flame Wave
  4872 | D:5      | Learned a level 3 spell: Mephitic Cloud
  4877 | D:5      | Learned a level 4 spell: Airstrike
  4881 | D:5      | Learned a level 3 spell: Swiftness
  5175 | D:6      | Reached skill level 1 in Poison Magic
  5181 | D:6      | Reached skill level 5 in Stealth
  5527 | D:6      | Found an iron altar of Okawaru.
  6054 | D:7      | Reached skill level 1 in Air Magic
  6075 | D:7      | Found a stormy altar of Qazlal.
  6392 | D:7      | Found a shimmering blue altar of Sif Muna.
  6405 | D:7      | Became a worshipper of Sif Muna the Loreminder
  6449 | D:7      | Found a glowing golden altar of the Shining One.
  6876 | D:8      | Reached skill level 8 in Spellcasting
  6903 | D:8      | Noticed Erica
  7034 | D:8      | Noticed a two-headed ogre
  7111 | D:8      | Reached XP level 10. HP: 56/56 MP: 7/22
  7194 | D:8      | Killed Erica
  7232 | D:8      | Noticed Psyche
  7233 | D:8      | Found a snail-covered altar of Cheibriados.
  7242 | D:8      | Killed Psyche
  7346 | D:8      | Killed a two-headed ogre
  7350 | D:8      | Reached * piety under Sif Muna
  7405 | D:8      | Noticed Amaemon
  7415 | D:8      | Noticed an orange demon
  7446 | D:8      | Learned a level 3 spell: Kindle Blastsparks
  7845 | D:9      | Reached skill level 9 in Spellcasting
  8036 | D:9      | Reached skill level 1 in Shields
  8153 | D:9      | Found a staircase to the Orcish Mines.
  8345 | D:9      | Noticed Erolcha
  8375 | D:9      | Killed Erolcha
  8376 | D:9      | Reached skill level 1 in Staves
  8376 | D:9      | Reached XP level 11. HP: 62/62 MP: 9/24
  8380 | D:9      | Noticed a cyclops
  8388 | D:9      | Killed a cyclops
  8437 | D:9      | Reached ** piety under Sif Muna
  8638 | D:9      | Found a sacrificial altar of Ru.
  8797 | D:9      | Learned a level 4 spell: Dispel Undead
  8802 | D:10     | Entered Level 10 of the Dungeon
  8818 | D:10     | Reached skill level 5 in Poison Magic
  9027 | D:10     | Noticed Josephine
  9058 | D:10     | Reached skill level 1 in Necromancy
  9062 | D:10     | Identified the +4 ring mail "Quarrir" {rPois Int+3 Dex+3}
  9557 | D:10     | Found a staircase to the Lair.
  9621 | D:10     | Noticed a two-headed ogre
  9677 | Orc:1    | Entered Level 1 of the Orcish Mines
  9711 | Orc:1    | Noticed an orc sorcerer
  9726 | Orc:1    | Killed an orc sorcerer
  9935 | D:10     | Killed Josephine
  9970 | D:10     | Reached skill level 10 in Spellcasting
  9970 | D:10     | Reached skill level 1 in Invocations
 10207 | D:10     | Killed a two-headed ogre
 10208 | D:10     | Reached skill level 1 in Fighting
 10372 | D:10     | Found a white marble altar of Elyvilon.
 10536 | Lair:1   | Entered Level 1 of the Lair of Beasts
 10774 | Lair:1   | You fall into a shaft and drop 1 floor!
 10839 | Lair:2   | Reached skill level 5 in Shields
 10839 | Lair:2   | Reached XP level 12. HP: 59/68 MP: 21/26
 11102 | Lair:1   | Reached *** piety under Sif Muna
 11299 | Lair:1   | Noticed Maggie
 11307 | Lair:1   | Killed Maggie
 11344 | Lair:1   | Learned a level 2 spell: Blink
 12329 | Lair:2   | Noticed a five-headed hydra
 12337 | Lair:2   | Killed a five-headed hydra
 12338 | Lair:2   | Reached skill level 1 in Translocations
 12612 | Lair:2   | Noticed a catoblepas
 12622 | Lair:2   | Killed a catoblepas
 12627 | Lair:2   | Killed from afar by a wind drake

Illustrated notes

Levels and vault maps discovered:
D:1:      sevenhm_arrival_forest_fort_small_4, layout_basic,
          dilly_ecumenical_altar_fadedgnrine
D:2:      layout_rooms, serial_shops, nicolae_shop_trees,
          chequers_serial_rivers_micro_a
D:3:      layout_basic, hex_intersection, uniq_grinder, uniq_robin, uniq_sigmund
D:4:      layout_basic, lemuel_tele_altar, minmay_temple_entry_waves,
          uniq_natasha, uniq_ijyb, uniq_crazy_yiuf_cottage, uniq_eustachio,
          uniq_pikel
D:5:      layout_basic, gammafunk_ghost_mausoleum
D:6:      layout_loops_ring, mainiacjoe_overflow_alcove_1,
          minmay_misc_feat_roman
D:7:      layout_loops_corners, amcnicky_altar_gilded,
          overflow_temple_1_default, lemuel_round_altar
D:8:      layout_rooms, lemuel_doored_altar, minmay_misc_feat_diagonals,
          nicolae_wand_duel, uniq_erica, uniq_amaemon, uniq_psyche
D:9:      layout_basic, mainiacjoe_overflow_brackets, orc_0_dummy, uniq_erolcha
D:10:     layout_rooms, overflow_temple_1_default, erik_lair_island,
          uniq_josephine
Temple:   minmay_temple_curvy_branch
Lair:1:   layout_cave_pods, chequers_serial_rivers_marsh, uniq_maggie
Lair:2:   beast_lair_carwin_large_4, layout_regular_city,
          minmay_shoals_entry_beasts, lemuel_fruit_fields
Orc:1:    layout_caves, minmay_orc_temple_b

Skill      XL: |  1  2  3  4  5  6  7  8  9 10 11 12 |
---------------+-------------------------------------+-----
Stealth        | 3 4 5 |  5.7
Conjurations   | 2 3 4 5 6 7 8 |  8.5
Spellcasting   | 4 5 7 8 9 10 | 10.9
Fire Magic     | 4 5 6 7 8 |  8.8
Throwing       | 1 |  1.0
Hexes          | 1 2 |  2.0
Poison Magic   | 3 4 5 |  5.2
Air Magic      | 2 3 4 |  4.0
Shields        | 2 5 |  5.4
Staves         | 1 |  1.1
Necromancy     | 3 4 |  4.4
Invocations    | 2 4 |  4.3
Fighting       | 1 |  1.0
Translocations | 1 |  1.3
Dodging        | |  2.6

Action                   |  1- 3 |  4- 6 |  7- 9 | 10-12 || total
-------------------------+-------+-------+-------+-------++-------
Melee: Unarmed           |     3 |       |       |       ||     3
       Staff             |    14 |     1 |    17 |    20 ||    52
       Constrict         |     6 |     1 |     4 |     4 ||    15
       Tentacles         |     4 |       |     7 |     8 ||    19
       Punch             |     1 |       |       |     2 ||     3
Throw: Dart              |       |     5 |       |       ||     5
 Cast: Foxfire           |    62 |    31 |   204 |   262 ||   559
       Scorch            |       |     4 |    29 |    88 ||   121
       Inner Flame       |       |       |     8 |    17 ||    25
       Mephitic Cloud    |       |       |     6 |    32 ||    38
       Flame Wave        |       |       |     3 |    26 ||    29
       Kindle Blastspark |       |       |       |     6 ||     6
       Airstrike         |       |       |       |     6 ||     6
       Dispel Undead     |       |       |       |     2 ||     2
  Use: Scroll            |       |     1 |    13 |    11 ||    25
       Potion            |       |     1 |       |     5 ||     6
 Stab: Sleeping          |     4 |       |       |       ||     4
       Confused          |       |       |     1 |       ||     1
Armor: Skin              |     1 |       |       |    11 ||    12
Dodge: Dodged            |    15 |     3 |    25 |    46 ||    89
Block: Buckler           |       |     1 |     4 |    17 ||    22

Table legend: (Time is in decaauts)
 A = Elapsed time spent in this place.
 B = Non-inter-level travel time spent in this place.
 C = Inter-level travel time spent in this place.
 D = Time resting spent in this place.
 E = Time spent auto-exploring this place.
 F = Levels seen in this place.
 G = Mean time per level.
                   A        B        C        D        E       F      G
               +--------+--------+--------+--------+--------+-----+--------+
         Total |  12662 |  12372 |    290 |   1412 |   7775 |  14 |  904.4 |
       Dungeon |  10260 |  10018 |    242 |   1136 |   6120 |  10 | 1026.0 |
        Temple |    250 |    250 |      0 |      0 |    243 |   1 |  250.0 |
          Lair |   2091 |   2043 |     48 |    276 |   1412 |   2 | 1045.5 |
  Orcish Mines |     59 |     59 |      0 |      0 |      0 |   1 |   59.0 |
               +--------+--------+--------+--------+--------+-----+--------+

Top non-repeatable levels by time:
     D:9: 1984 daAuts
  Lair:1: 1381 daAuts
     D:3: 1367 daAuts
     D:1: 1207 daAuts
     D:7: 1203 daAuts
    D:10: 899 daAuts
     D:5: 881 daAuts
     D:6: 732 daAuts
  Lair:2: 710 daAuts
     D:2: 706 daAuts
     D:4: 695 daAuts
     D:8: 582 daAuts
  Temple: 250 daAuts
   Orc:1: 59 daAuts
